AoeStats
← CansadoTarde

Nomad

510925583Analyzed
4v4 RM · 8h ago on Oct 3, 2026· 41m 23s· 8 players
Game mode
Random Map
Map size
231×231
Population
200
Speed
Normal
Resources
Standard
Victory
Conquest
Starting age
Dark Age
Ending age
Imperial Age
RankedLock teamsTeams togetherTeam positionsShared explorationLock speedFull tech treeHidden civsTurbo modeCheats
Victory
Defeat
🇨🇳 Koreans · China
1772
+6
🇭🇰 Vietnamese · Hong Kong SAR China
1602
+12
🇨🇳 Persians · China
1600
+12
🇨🇳 Mongols · China
1464
+16
🇧🇷 Sicilians · Brazil
1554
-13
🇦🇷 Berbers · Argentina
1546
-13
🇦🇷 Lithuanians · Argentina
1499
-11
🇳🇿 Britons · New Zealand
1436
-9
CansadoTarde
10:06 Loom
12:25 Feudal Age
16:20 Castle Age
14:47 Double-Bit Axe
17:14 Bow Saw
16:54 Fishing Lines
17:06 Horse Collar
18:51 Heavy Plow
23:45 Sanctity
27:05 Wheelbarrow
28:27 Hand Cart
28:03 Gold Mining
28:03 Stone Mining
28:48 Town Watch
33:32 Imperial Age
31:39 Scale Barding Armor
32:44 Chain Barding Armor
32:35 Forging
34:18 Iron Casting
34:50 Plate Barding Armor
33:37 Elite Leitis
35:04 Conscription
36:03 Bloodlines
35:54 Husbandry
40:52 Fletching
JayJayNico
10:36 Loom
13:05 Feudal Age
17:55 Castle Age
17:04 Double-Bit Axe
17:24 Town Watch
20:12 Fletching
23:12 Bow Saw
22:44 Horse Collar
25:40 Bodkin Arrow
26:08 Ballistics
27:45 Wheelbarrow
28:11 Padded Archer Armor
30:58 Scale Mail Armor
31:43 Pikeman
32:58 Chain Mail Armor
34:59 Heavy Plow
39:58 Imperial Age
38:07 Forging
38:39 Arson
39:24 Hand Cart
39:40 Leather Archer Armor
39:35 Squires
40:07 Yeomen
40:45 Bracer
41:49 Chemistry
41:17 Gold Mining
41:18 Stone Mining
PoopMaster
4:59 Loom
ROCKMAN 4
10:44 Loom
12:54 Feudal Age
16:40 Castle Age
17:29 Double-Bit Axe
17:59 Fletching
20:00 Horse Collar
21:59 Bodkin Arrow
白色风车
13:51 Feudal Age
12:08 Loom
14:30 Feudal Age
18:43 Castle Age
17:25 Double-Bit Axe
20:03 Fletching
23:31 Bow Saw
33:15 Fishing Lines
35:31 Gillnets
38:55 Horse Collar
42:46 Imperial Age
40:38 Gold Mining
41:49 Bodkin Arrow
41:54 Padded Archer Armor
大平果是小菜鸡父亲
5:18 Loom
13:35 Feudal Age
14:16 Double-Bit Axe
14:40 Gold Mining
18:07 Fletching
19:18 Fishing Lines
23:49 Castle Age
21:52 Horse Collar
22:31 Stone Mining
24:00 Wheelbarrow
24:00 Town Watch
24:43 Medium Warships
24:30 Bodkin Arrow
25:29 Bow Saw
26:21 Clinker Construction
27:57 Careening
28:44 Heavy Plow
31:47 Hand Cart
33:58 Gillnets
37:06 Imperial Age
34:56 Scale Mail Armor
35:08 Forging
35:36 Squires
35:21 Arson
35:58 Chain Mail Armor
36:55 Scale Barding Armor
37:25 Iron Casting
36:54 Chatras
36:29 Pikeman
37:11 Elite Fire Lancer
37:28 Capped Ram
38:11 Husbandry
38:21 Bloodlines
37:33 Elite Battle Elephant
39:28 Two-Man Saw
39:14 Crop Rotation
40:33 Chain Barding Armor
41:28 Plate Mail Armor
Dalao
5:17 Loom
12:30 Feudal Age
18:19 Castle Age
17:00 Double-Bit Axe
17:31 Bloodlines
18:21 Scale Barding Armor
23:25 Forging
24:04 Gold Mining
24:59 Chain Barding Armor
26:31 Wheelbarrow
31:10 Husbandry
32:44 Iron Casting
40:52 Imperial Age
38:38 Hand Cart
40:38 Bow Saw
40:10 Horse Collar
40:38 Cavalier
41:01 Heavy Camel Rider
我本善良
4:40 Loom
6:36 Loom
13:13 Feudal Age
14:39 Town Watch
17:52 Castle Age
16:27 Double-Bit Axe
18:52 Bow Saw
19:14 Fletching
23:09 Bodkin Arrow
27:00 Ballistics
31:21 Horse Collar
33:14 Fishing Lines
34:43 Wheelbarrow
37:27 Scale Mail Armor
37:37 Forging
38:09 Squires
39:07 Chain Mail Armor
Connection lost

Rejoining the realm…

Still unreachable

The connection could not be restored.

Session expired

The server has moved on; the page needs a fresh start.